 Dungeon Crawl Stone Soup version 0.18.1-50-g88ac8fd (webtiles) character file.

770 nikopol the Chopper (level 7, -2/63 HPs)
             Began as a Hill Orc Berserker on Oct 20, 2016.
             Was a Priest of Trog.
             Slain by a gnoll
             ... wielding a +0 halberd
              (9 damage)
             ... on level 5 of the Dungeon.
             The game lasted 00:09:53 (3560 turns).

nikopol the Chopper (Hill Orc Berserker)            Turns: 3560, Time: 00:09:54

Health: -2/63      AC:  7    Str: 20    XL:     7   Next: 83%
Magic:  7/7        EV: 12    Int:  7    God:    Trog [***...]
Gold:   293        SH:  0    Dex: 12    Spells: 0 memorised, 6 levels left

rFire  . . .     SeeInvis .     a - +0 hand axe
rCold  . . .     Gourm    .     d - +0 ring mail
rNeg   . . .     Faith    .     (no shield)
rPois  .         Spirit   .     (no helmet)
rElec  .         Dismiss  .     n - +0 cloak
rCorr  .         Reflect  .     (no gloves)
SustAt .         Harm     .     (no boots)
MR     .....                    t - amulet of regeneration
Stlth  ..........               (no ring)
                                f - ring of loudness (curse)

@: lethally poisoned (-2 -> -3), exhausted, slowed, very slow, not resistant to
hostile enchantments, extremely unstealthy
A: no striking features
a: Berserk, Trog's Hand, Burn Spellbooks, Renounce Religion


You were on level 5 of the Dungeon.
You worshipped Trog.
Trog was most pleased with you.
You were very hungry.

You visited 1 branch of the dungeon, and saw 5 of its levels.

You collected 293 gold pieces.

Inventory:

Hand Weapons
 a - a +0 hand axe (weapon)
Missiles
 g - 18 arrows (quivered)
Armour
 b - a +0 animal skin
 d - a +0 ring mail (worn)
 n - a +0 cloak (worn)
Jewellery
 f - a cursed ring of loudness (left hand)
 t - an amulet of regeneration (around neck)
Scrolls
 e - 2 scrolls of fear {unknown}
 i - 8 scrolls of identify {unknown}
 l - 4 scrolls of random uselessness {unknown}
 p - a scroll of amnesia {unknown}
 r - 2 scrolls of blinking {unknown}
 s - a scroll of remove curse {unknown}
 y - a scroll of immolation {unknown}
Potions
 j - 4 potions of degeneration {unknown}
 k - a potion of mutation {unknown}
 m - 3 potions of heal wounds {unknown}
 o - a potion of magic {unknown}
 q - a potion of curing {unknown}
 w - a potion of brilliance {unknown}
 z - a potion of agility {unknown}
Comestibles
 c - 2 bread rations
 h - a slice of pizza
 u - 2 chunks of flesh
 v - 3 fruits
 x - a meat ration


   Skills:
 + Level 6.0 Fighting
 + Level 6.9 Axes
 + Level 5.0 Armour
 + Level 3.8 Dodging


You had 6 spell levels left.
You didn't know any spells.

Dungeon Overview and Level Annotations

Branches:
Dungeon (5/15)
 Temple: D:4-7

Altars:
Ashenzari
Gozag
Ru


Message History

You barely miss the jackal. You hit the hound skeleton.
You feel sick.
The hound skeleton bites you but does no damage.
The jackal completely misses you. The jackal misses you.
The gnoll closely misses you. The hound skeleton bites you.
The gnoll barely misses you. The jackal barely misses you.
The gnoll barely misses you.
You hit the gnoll.
You kill the gnoll!
Trog accepts your kill.
Your Fighting skill increases to level 6!
You closely miss the jackal. x2; You hit the hound skeleton.
You feel sick.
The jackal bites you but does no damage.
The hound skeleton bites you but does no damage.
The jackal bites you but does no damage.
The gnoll hits you from afar with a halberd of protection!
* * * LOW HITPOINT WARNING * * *
The jackal closely misses you. The hound skeleton misses you.
The jackal closely misses you.
The gnoll hits you from afar with a halberd!
You die...

....................
......#.##..........
.........)..........
............[....##
........###########
...................
...#.....)8..8(.8..
.. #.#<..h).....|..
#.##..h@)....... #
##.)Z.[......
#gg8..8..8..
#............
...########### ....
..... ....


You could see 2 gnolls, 2 jackals and a hound skeleton.

Vanquished Creatures
  2 ogres
  A scorpion (D:4)
  A howler monkey (D:4)
  5 orc wizards
  A giant frog skeleton (D:4)
  2 orc priests
  Jessica (D:3)
  An iguana (D:4)
  2 worker ants
  A worker ant zombie (D:5)
  A gnoll (D:5)
  7 adders
  An ooze (D:4)
  An adder zombie (D:5)
  2 worms (D:4)
  2 dart slugs (D:2)
  A giant gecko (D:4)
  15 orcs
  5 bats
  A giant cockroach (D:4)
  4 goblins
  6 hobgoblins
  4 jackals
  7 kobolds
  4 quokkas
  2 ball pythons
  3 giant newts
  2 rats
85 creatures vanquished.

Notes
Turn   | Place    | Note
--------------------------------------------------------------
     0 | D:1      | nikopol the Hill Orc Berserker began the quest for the Orb.
     0 | D:1      | Reached XP level 1. HP: 19/19 MP: 1/1
   516 | D:2      | Found an opulent altar of Gozag.
   525 | D:2      | Reached XP level 2. HP: 27/27 MP: 2/2
   899 | D:2      | Reached XP level 3. HP: 29/33 MP: 3/3
   915 | D:2      | Reached ** piety under Trog
  1315 | D:3      | Noticed Jessica
  1325 | D:3      | Killed Jessica
  1325 | D:3      | Reached XP level 4. HP: 31/40 MP: 4/4
  1534 | D:3      | Reached skill level 5 in Axes
  1558 | D:3      | HP: 2/40 [orc priest/divine providence (7)]
  1560 | D:3      | Reached XP level 5. HP: 5/46 MP: 5/5
  1641 | D:3      | Found a sacrificial altar of Ru.
  2046 | D:4      | Found a shattered altar of Ashenzari.
  2069 | D:4      | Noticed an ogre
  2078 | D:4      | Killed an ogre
  2078 | D:4      | Reached XP level 6. HP: 31/55 MP: 6/6
  2454 | D:4      | Reached skill level 5 in Fighting
  2456 | D:4      | Reached *** piety under Trog
  2472 | D:4      | HP: 2/56 [orc wizard/magic dart (7)]
  2593 | D:4      | Reached XP level 7. HP: 47/61 MP: 7/7
  3414 | D:5      | Entered Level 5 of the Dungeon
  3549 | D:5      | Reached skill level 5 in Armour
  3560 | D:5      | Slain by a gnoll

Skill      XL: |  1  2  3  4  5  6  7 |
---------------+----------------------+-----
Dodging        | 2 3 |  3.8
Fighting       | 4 5 6 |  6.0
Armour         | 3 4 5 |  5.0
Axes           | 5 6 |  6.9

Action                   |  1- 3 |  4- 6 |  7- 9 || total
-------------------------+-------+-------+-------++-------
Melee: Hand axe          |    93 |   182 |   111 ||   386
Invok: Berserk           |     1 |     3 |     1 ||     5
       Burn Spellbooks   |     1 |       |       ||     1
  Eat: Chunk             |     1 |     9 |     3 ||    13
Armor: Ring mail         |    32 |    74 |    40 ||   146
Dodge: Dodged            |    56 |   101 |    68 ||   225
